 Dungeon Crawl Stone Soup version 0.31-a0-806-g0bc164a743 (webtiles) character file.

Game seed: 4447271972003753875

62 Nedwor the Trooper (level 3, -7/29 HPs)
             Began as a Demonspawn Fighter on Sept 21, 2023.
             Killed by nerve-wracking pain
             ... invoked by an orc priest
              (14 damage)
             ... on level 3 of the Dungeon.
             The game lasted 00:01:26 (1434 turns).

Nedwor the Trooper (Demonspawn Fighter)             Turns: 1434, Time: 00:01:26

Health: -7/29      AC:  6    Str: 18    XL:     3   Next: 85%
Magic:  3/3        EV:  9    Int:  9    God:
Gold:   82         SH:  4    Dex: 12    Spells: 2/2 levels left

rFire   . . .        a - +0 rapier
rCold   . . .        c - +0 buckler
rNeg    . . .        b - +0 scale mail
rPois   .            (helmet restricted)
rElec   .            (no cloak)
rCorr   .            (no gloves)
SInv    .            (no boots)
Will    .....        (no amulet) Stlth
                     (no ring)
HPRegen 0.24/turn    (no ring)
MPRegen 0.08/turn

%: no passive effects
@: no status effects
A: horns 1
a: no special abilities


You were on level 3 of the Dungeon.
You visited 1 branch of the dungeon, and saw 3 of its levels.

You collected 82 gold pieces.

Inventory:

Hand Weapons
 a - a +0 rapier (weapon)
Armour
 b - a +0 scale mail (worn)
 c - a +0 buckler (worn)
Jewellery
 n - an amulet of faith
Scrolls
 e - 2 scrolls of identify {unknown}
 f - 2 scrolls of revelation {unknown}
 g - a scroll of fog {unknown}
 h - a scroll of blinking {unknown}
 m - a scroll of amnesia {unknown}
 o - a scroll of silence {unknown}
Potions
 d - a potion of might
 i - a potion of brilliance {unknown}
 j - a potion of lignification {unknown}
 k - 2 potions of degeneration {unknown}
 l - a potion of cancellation {unknown}


   Skills:
 + Level 3.4 Fighting
 * Level 2.7 Short Blades
 + Level 3.1 Armour
 + Level 3.1 Shields


You had 2 spell levels left.
You didn't know any spells.
Your spell library contained the following spells:

 Spells                   Type           Power      Damage    Failure   Level
 Freeze                   Ice            0%         1d3       85%         1
 Frozen Ramparts          Ice            0%         1d1       99%         3
 Gell's Gravitas          Tloc           0%         N/A       99%         3
 Hailstorm                Conj/Ice       0%         3d3       99%         3
 Teleport Other           Tloc           0%         N/A       99%         3
 Dispersal                Tloc           0%         N/A       100%        6


Dungeon Overview and Level Annotations

Branches:
Dungeon (3/15)

Altars:
Trog


Innate Abilities, Weirdness & Mutations

You have a pair of small horns on your head.


Message History

An orc priest comes into view. It is wielding a +0 hand axe.
An orc comes into view. It is wielding a +0 falchion.
The orc moves out of view.
You hear a shout!
There is a stone staircase leading down here.
An orc comes into view. It is wielding a +0 hand axe.
The orc shouts! x2
An orc wizard comes into view. It is wielding a +0 dagger.
Unknown command.
The orc wizard shouts!
The orc barely misses you.
Unknown command.
You puncture the orc!
You kill the orc!
An orc priest comes into view. It is wielding a +0 whip.
You hit the orc. Your headbutt misses the orc.
The orc is lightly wounded.
The orc barely misses you.
The orc priest mumbles some strange prayers to Beogh against you.
Beogh smites you!
You hit the orc.
The orc is moderately wounded.
You block the orc's attack.
You hit the orc.
You kill the orc!
You barely miss the orc priest. Your headbutt misses the orc priest.
The orc priest mumbles some strange prayers to Beogh against you.
Beogh smites you!
* * * LOW HITPOINT WARNING * * *
The orc priest barely misses you.
The orc priest hits you but does no damage.
The orc priest looks braver for a moment.
You are too injured to fight recklessly!
You are too injured to fight recklessly!
You are too injured to fight recklessly!
You hit the orc priest. You headbutt the orc priest.
The orc priest is severely wounded.
The orc priest calls down the wrath of Beogh upon you.
Pain shoots through your body!
You die...

#.# #.# . .#
#.# .. ...#
#.# .. ...#.#
#.# .o ..#.#
#.# #. ..#.#
#.# #.o###.#.#
#.#
#.oo@..#.###.#
#.###..#...#.#
##>..#.#.#
#.....#.#
#.###.#.#
#.#####.#
#.......#
#########


You could see 2 orc priests, an orc wizard and an orc.

Vanquished Creatures
  A gnoll (D:1)
  A worm (D:2)
  2 orcs (D:3)
  5 endoplasms
  A giant cockroach (D:1)
  2 goblins
  6 hobgoblins
  4 jackals (D:1)
  2 quokkas
  5 ball pythons
  5 bats
  3 frilled lizards
  5 kobolds
  3 rats
45 creatures vanquished.

Notes
Turn   | Place    | Note
-------+----------+-------------------------------------------
     0 | D:1      | Nedwor the Demonspawn Fighter began the quest for the Orb.
     0 | D:1      | Reached XP level 1. HP: 18/18 MP: 1/1
   109 | D:1      | Gained mutation: You have a pair of small horns on your
                  | head. [demonic ancestry]
   109 | D:1      | Reached XP level 2. HP: 18/24 MP: 2/2
   274 | D:1      | Reached XP level 3. HP: 14/29 MP: 3/3
   467 | D:1      | Found a faded altar of an unknown god.
   812 | D:2      | Found a bloodstained altar of Trog.
  1434 | D:3      | Killed from afar by an orc priest

Illustrated notes

Levels and vault maps discovered:
D:1:      nzn_arrival_settlement, layout_rooms, shapermc_ecumenical_altar_venn
D:2:      layout_loops_ring, basic_altar
D:3:      layout_basic, zin_treasury

Skill      XL: |  1  2 |
---------------+-------+-----
Short Blades   | 2 |  2.7
Armour         | 3 |  3.1
Shields        | 3 |  3.1
Fighting       | |  3.4

Action                     || total
---------------------------++-------
  Melee: Rapier            ||   141
         Headbutt          ||    16
 Armour: Scale mail        ||    90
  Dodge: Dodged            ||    65
  Block: Buckler           ||    28

Table legend: (Time is in decaauts)
 A = Elapsed time spent in this place.
 B = Non-inter-level travel time spent in this place.
 C = Inter-level travel time spent in this place.
 D = Time resting spent in this place.
 E = Time spent auto-exploring this place.
 F = Levels seen in this place.
 G = Mean time per level.
                   A        B        C        D        E       F      G
               +--------+--------+--------+--------+--------+-----+--------+
         Total |   1451 |   1417 |     34 |      0 |   1130 |   3 |  483.7 |
       Dungeon |   1451 |   1417 |     34 |      0 |   1130 |   3 |  483.7 |
               +--------+--------+--------+--------+--------+-----+--------+

Top non-repeatable levels by time:
     D:1: 654 daAuts
     D:2: 634 daAuts
     D:3: 161 daAuts
